| TOP OF THE 1ST |
|
Gwinnett Braves batting - Pitching for El Paso Chihuahuas : LHP Kurt Sutton
|
|
Pitching: LHP Kurt Sutton
|
|
|
Batting: LHB Davey Schonewille
|
0-0: Fly out, F8 (Flyball, 8LM, EV 90.6 MPH)
|
|
Batting: RHB Jesse Lester
|
0-0: Called Strike 0-1: Ball 1-1: Swinging Strike 1-2: Strikes out swinging
|
|
Batting: RHB Bill Turnbull
|
0-0: Ball 1-0: Called Strike 1-1: Ground out 5-3 (Groundball, 56, EV 88.1 MPH)
|
| Top of the 1st over - 0 runs, 0 hits, 0 errors, 0 left on base; Gwinnett 0 - El Paso 0 |
| BOTTOM OF THE 1ST |
|
El Paso Chihuahuas batting - Pitching for Gwinnett Braves : RHP Nobuharu Kobayashi
|
|
Pitching: RHP Nobuharu Kobayashi
|
|
|
Batting: RHB Itsuo Yoshioka
|
0-0: Bunt for hit to 2R - play at first, batter OUT! 2-3
|
|
Batting: RHB Rudolf Gommers
|
0-0: Ball 1-0: Foul Ball, location: 2F 1-1: Swinging Strike 1-2: Fly out, F8 (Flyball, 8RM, EV 77.5 MPH)
|
|
Batting: RHB Jose Morrissey
|
0-0: Called Strike 0-1: SOLO HOME RUN (Line Drive, 7D, EV 100.0 MPH), Distance : 405 ft
|
|
Batting: SHB Devin Hottenstein
|
0-0: Ball 1-0: Ball 2-0: Ball 3-0: Base on Balls
|
|
Batting: SHB Steve Killion
|
0-0: Called Strike 0-1: Ball 1-1: Ground out 6-3 (Groundball, P, EV 91.3 MPH)
|
| Bottom of the 1st over - 1 run, 1 hit, 0 errors, 1 left on base; Gwinnett 0 - El Paso 1 |
| TOP OF THE 2ND |
|
Gwinnett Braves batting - Pitching for El Paso Chihuahuas : LHP Kurt Sutton
|
|
Batting: RHB Ian Sousa
|
0-0: Ball 1-0: Called Strike 1-1: Ball 2-1: Ball 3-1: Base on Balls
|
|
Batting: LHB Bobby Upton
|
0-0: Ball 1-0: Ball 2-0: Foul Ball, location: 2F 2-1: Grounds out, U3 (Groundball, 3L, EV 85.6 MPH)
|
|
Batting: RHB Luis Revilla
|
0-0: Ball 1-0: Ball 2-0: Fly out, F8 (Line Drive, 8RM, EV 104.4 MPH) Runner from 2nd tags up, SAFE at 3rd with throw by CF
|
|
Batting: LHB Robby Dann
|
0-0: Ball 1-0: Called Strike 1-1: Ball Wild Pitch! Ian Sousa scores 2-1: Foul Ball, location: 2F 2-2: Strikes out swinging
|
| Top of the 2nd over - 1 run, 0 hits, 0 errors, 0 left on base; Gwinnett 1 - El Paso 1 |
| BOTTOM OF THE 2ND |
|
El Paso Chihuahuas batting - Pitching for Gwinnett Braves : RHP Nobuharu Kobayashi
|
|
Batting: SHB Gregg Whitecotton
|
0-0: Ball 1-0: Called Strike 1-1: Ball 2-1: SINGLE (Groundball, 34D, EV 103.8 MPH)
|
|
Batting: LHB Ben Antal
|
0-0: Ball 1-0: Called Strike 1-1: Ball 2-1: Ball 3-1: Base on Balls Gregg Whitecotton to second
|
|
Batting: LHB Helmut Steggall
|
0-0: Called Strike 0-1: Ball 1-1: Ball 2-1: Fielders Choice at 2nd, 6-4 (Groundball, 56, EV 93.1 MPH) Gregg Whitecotton to third
|
|
Batting: RHB Mike Manchester
|
0-0: Ball Helmut Steggall steals 2nd base 1-0: Called Strike 1-1: Ball 2-1: Swinging Strike 2-2: Strikes out swinging
|
|
Batting: RHB Itsuo Yoshioka
|
0-0: Foul Ball, location: 2F 0-1: Foul Ball, location: 2F 0-2: Foul Ball, location: 2F 0-2: Ball 1-2: DOUBLE (Line Drive, 9LM, EV 113.1 MPH) Gregg Whitecotton scores Helmut Steggall scores
|
|
Batting: RHB Rudolf Gommers
|
0-0: Ball 1-0: Ball 2-0: Ball 3-0: Base on Balls
|
|
Batting: RHB Jose Morrissey
|
0-0: Ball 1-0: SINGLE (Line Drive, 8LS, EV 105.6 MPH) Itsuo Yoshioka to third Rudolf Gommers to second
|
|
Batting: SHB Devin Hottenstein
|
0-0: Called Strike 0-1: Ball 1-1: Foul Ball, location: 2F 1-2: Ball 2-2: Ball 3-2: Base on Balls Itsuo Yoshioka scores Rudolf Gommers to third Jose Morrissey to second
|
|
Batting: SHB Steve Killion
|
0-0: Ball 1-0: Swinging Strike 1-1: Swinging Strike 1-2: Ball 2-2: Foul Ball, location: 2F 2-2: Strikes out looking
|
| Bottom of the 2nd over - 3 runs, 3 hits, 0 errors, 3 left on base; Gwinnett 1 - El Paso 4 |
| TOP OF THE 3RD |
|
Gwinnett Braves batting - Pitching for El Paso Chihuahuas : LHP Kurt Sutton
|
|
Batting: RHB T.J. Jordan
|
0-0: Swinging Strike 0-1: Foul Ball, location: 2F 0-2: Ball 1-2: Foul Ball, location: 2F 1-2: Ball 2-2: Ball 3-2: Base on Balls
|
|
Batting: RHB Bobby Light
|
0-0: Ball 1-0: Swinging Strike 1-1: Swinging Strike 1-2: Strikes out looking
|
|
Batting: LHB Davey Schonewille
|
0-0: Called Strike 0-1: Fielders Choice at 2nd, 5-4 (Groundball, 56, EV 89.4 MPH)
|
|
Batting: RHB Jesse Lester
|
0-0: Ball 1-0: Ball 2-0: Ball 3-0: Base on Balls Davey Schonewille to second
|
|
Batting: RHB Bill Turnbull
|
0-0: Foul Ball, location: 2F 0-1: Called Strike 0-2: Ball 1-2: Ground out 5-3 (Groundball, 56, EV 105.6 MPH)
|
| Top of the 3rd over - 0 runs, 0 hits, 0 errors, 2 left on base; Gwinnett 1 - El Paso 4 |
| BOTTOM OF THE 3RD |
|
El Paso Chihuahuas batting - Pitching for Gwinnett Braves : RHP Nobuharu Kobayashi
|
|
Batting: SHB Gregg Whitecotton
|
0-0: Swinging Strike 0-1: Ball 1-1: Ball 2-1: Called Strike 2-2: Strikes out swinging
|
|
Batting: LHB Ben Antal
|
0-0: Fly out, F4 (Flyball, 34D, EV 83.1 MPH)
|
|
Batting: LHB Helmut Steggall
|
0-0: Ball 1-0: Ball 2-0: Ball 3-0: Called Strike 3-1: Swinging Strike 3-2: Strikes out swinging, 2-3 out at first.
|
| Bottom of the 3rd over - 0 runs, 0 hits, 0 errors, 0 left on base; Gwinnett 1 - El Paso 4 |
| TOP OF THE 4TH |
|
Gwinnett Braves batting - Pitching for El Paso Chihuahuas : LHP Kurt Sutton
|
|
Batting: RHB Ian Sousa
|
0-0: SOLO HOME RUN (Flyball, 7D, EV 100.0 MPH), Distance : 390 ft
|
|
Batting: LHB Bobby Upton
|
0-0: Foul Ball, location: 2F 0-1: Ball 1-1: Ground out U3 (Groundball, 3, EV 80.6 MPH)
|
|
Batting: RHB Luis Revilla
|
0-0: Called Strike 0-1: Hit by Pitch
|
|
Batting: LHB Robby Dann
|
0-0: Swinging Strike 0-1: Foul Ball, location: 2F 0-2: Ball 1-2: Foul Ball, location: 2F 1-2: Foul Ball, location: 2F 1-2: Ball 2-2: Grounds into double play, 4-6-3 (Groundball, 34, EV 80.6 MPH)
|
| Top of the 4th over - 1 run, 1 hit, 0 errors, 0 left on base; Gwinnett 2 - El Paso 4 |
| BOTTOM OF THE 4TH |
|
El Paso Chihuahuas batting - Pitching for Gwinnett Braves : RHP Nobuharu Kobayashi
|
|
Batting: RHB Mike Manchester
|
0-0: Ball 1-0: Ball 2-0: Swinging Strike 2-1: Called Strike 2-2: Strikes out looking
|
|
Batting: RHB Itsuo Yoshioka
|
0-0: Ball 1-0: Called Strike 1-1: Swinging Strike 1-2: Strikes out looking
|
|
Batting: RHB Rudolf Gommers
|
0-0: Ball 1-0: Ball 2-0: Foul Ball, location: 2F 2-1: Fly out, F7 (Flyball, 78D, EV 88.1 MPH)
|
| Bottom of the 4th over - 0 runs, 0 hits, 0 errors, 0 left on base; Gwinnett 2 - El Paso 4 |
| TOP OF THE 5TH |
|
Gwinnett Braves batting - Pitching for El Paso Chihuahuas : LHP Kurt Sutton
|
|
Batting: RHB T.J. Jordan
|
0-0: Single, Error in OF, E8, batter to second base (Groundball, 4D, EV 106.3 MPH)
|
|
Batting: RHB Bobby Light
|
0-0: Ball 1-0: Foul Ball, location: 2F 1-1: Ground out 6-3 (Groundball, 6, EV 76.9 MPH)
|
|
Batting: LHB Davey Schonewille
|
0-0: Called Strike 0-1: Swinging Strike 0-2: Ball 1-2: Ball 2-2: Fly out, F8 (Line Drive, 8LD, EV 96.3 MPH)
|
|
Batting: RHB Jesse Lester
|
0-0: Ground out 4-3 (Groundball, 34, EV 106.9 MPH)
|
| Top of the 5th over - 0 runs, 1 hit, 1 error, 1 left on base; Gwinnett 2 - El Paso 4 |
| BOTTOM OF THE 5TH |
|
El Paso Chihuahuas batting - Pitching for Gwinnett Braves : RHP Nobuharu Kobayashi
|
|
Batting: RHB Jose Morrissey
|
0-0: Ball 1-0: Foul Ball, location: 2F 1-1: Foul Ball, location: 2F 1-2: Ground out 4-3 (Groundball, 4M, EV 78.8 MPH)
|
|
Batting: SHB Devin Hottenstein
|
0-0: Called Strike 0-1: Foul Ball, location: 2F 0-2: Ball 1-2: Foul Ball, location: 2F 1-2: SOLO HOME RUN (Flyball, 89XD, EV 110.6 MPH), Distance : 419 ft
|
|
Pitching: RHP Luis Alvarez
|
|
|
Batting: SHB Steve Killion
|
0-0: Called Strike 0-1: Called Strike 0-2: Ground out 5-3 (Groundball, 5L, EV 103.1 MPH)
|
|
Batting: SHB Gregg Whitecotton
|
0-0: Ball 1-0: Ball 2-0: Called Strike 2-1: Ball 3-1: Swinging Strike 3-2: Strikes out swinging
|
| Bottom of the 5th over - 1 run, 1 hit, 0 errors, 0 left on base; Gwinnett 2 - El Paso 5 |
| TOP OF THE 6TH |
|
Gwinnett Braves batting - Pitching for El Paso Chihuahuas : LHP Kurt Sutton
|
|
Batting: RHB Bill Turnbull
|
0-0: Called Strike 0-1: Swinging Strike 0-2: Strikes out swinging
|
|
Batting: RHB Ian Sousa
|
0-0: Ball 1-0: Ball 2-0: Called Strike 2-1: Ball 3-1: DOUBLE (Flyball, 8LXD, EV 104.4 MPH)
|
|
Batting: LHB Bobby Upton
|
0-0: Swinging Strike 0-1: Foul Ball, location: 2F 0-2: Strikes out swinging
|
|
Batting: RHB Luis Revilla
|
0-0: Called Strike 0-1: SINGLE (Line Drive, 8RS, EV 86.9 MPH) Ian Sousa to third Runner from 3rd tries for Home, SAFE, throw by CF to home
|
|
Batting: LHB Robby Dann
|
0-0: Ball 1-0: Swinging Strike 1-1: Ball 2-1: Ball 3-1: SINGLE (Line Drive, 78S, EV 91.9 MPH) Luis Revilla to second
|
|
Batting: RHB T.J. Jordan
|
0-0: Fielders Choice at 2nd, 6-4 (Groundball, 6, EV 101.9 MPH)
|
| Top of the 6th over - 1 run, 3 hits, 0 errors, 2 left on base; Gwinnett 3 - El Paso 5 |
| BOTTOM OF THE 6TH |
|
El Paso Chihuahuas batting - Pitching for Gwinnett Braves : RHP Luis Alvarez
|
|
Batting: LHB Ben Antal
|
0-0: Ball 1-0: Ball 2-0: Ball 3-0: Base on Balls
|
|
Batting: LHB Helmut Steggall
|
0-0: Called Strike 0-1: Ball 1-1: SINGLE (Groundball, 4D, EV 94.4 MPH) Ben Antal to second Runner from 2nd tries for 3rd, SAFE, throw by RF made to third
|
|
Batting: RHB Mike Manchester
|
0-0: DOUBLE (Line Drive, 9LM, EV 93.8 MPH) Ben Antal scores Helmut Steggall to third
|
|
Batting: RHB Itsuo Yoshioka
|
0-0: Called Strike 0-1: Ball 1-1: Called Strike 1-2: Foul Ball, location: 2F 1-2: Ball 2-2: Ball 3-2: Fly out, F8 (Flyball, 89D, EV 95.6 MPH) Runner from 3rd tags up, SCORES, throw by CF Mike Manchester to third
|
|
Batting: RHB Rudolf Gommers
|
0-0: Ball 1-0: Swinging Strike 1-1: Ball Wild Pitch! Mike Manchester scores 2-1: Fly out, F8 (Flyball, 8RM, EV 94.4 MPH)
|
|
Batting: RHB Jose Morrissey
|
0-0: Called Strike 0-1: Ball 1-1: Ball 2-1: SINGLE (Line Drive, 6D, EV 99.4 MPH)
|
|
Pitching: RHP Alan Shanahan
|
|
|
Batting: SHB Devin Hottenstein
|
0-0: Ball 1-0: Foul Ball, location: 2F 1-1: Swinging Strike 1-2: Ball 2-2: Ball 3-2: Foul Ball, location: 2F 3-2: Ground out 4-3 (Groundball, 34, EV 102.5 MPH)
|
| Bottom of the 6th over - 3 runs, 3 hits, 0 errors, 1 left on base; Gwinnett 3 - El Paso 8 |
| TOP OF THE 7TH |
|
Gwinnett Braves batting - Pitching for El Paso Chihuahuas : LHP Kurt Sutton
|
|
Batting: RHB Bobby Light
|
0-0: Called Strike 0-1: Called Strike 0-2: Strikes out looking
|
|
Pitching: RHP Warren Swan
|
|
|
Batting: LHB Davey Schonewille
|
0-0: Ball 1-0: Foul Ball, location: 2F 1-1: Ball 2-1: Ground out 5-3 (Groundball, 56S, EV 90.0 MPH)
|
|
Batting: RHB Jesse Lester
|
0-0: Ball 1-0: Ball 2-0: Ball 3-0: Base on Balls
|
|
Batting: RHB Bill Turnbull
|
0-0: Called Strike 0-1: Ball 1-1: Ball 2-1: Ball 3-1: Swinging Strike 3-2: Base on Balls Jesse Lester to second
|
|
Batting: RHB Ian Sousa
|
0-0: Called Strike 0-1: Called Strike 0-2: Strikes out looking
|
| Top of the 7th over - 0 runs, 0 hits, 0 errors, 2 left on base; Gwinnett 3 - El Paso 8 |
| BOTTOM OF THE 7TH |
|
El Paso Chihuahuas batting - Pitching for Gwinnett Braves : RHP Alan Shanahan
|
|
Batting: SHB Steve Killion
|
0-0: Foul Ball, location: 2F 0-1: Ball 1-1: SINGLE (Line Drive, 56, EV 96.3 MPH)
|
|
Batting: SHB Gregg Whitecotton
|
0-0: Called Strike 0-1: Ball 1-1: Fly out, F8 (Flyball, 89M, EV 79.4 MPH)
|
|
Batting: LHB Ben Antal
|
0-0: Swinging Strike 0-1: Fly out, F9 (Flyball, 9D, EV 105.0 MPH)
|
|
Batting: LHB Helmut Steggall
|
0-0: Ball 1-0: Called Strike Steve Killion steals 2nd base 1-1: Ball 2-1: Foul Ball, location: 2F 2-2: Foul Ball, location: 2F 2-2: 2-RUN HOME RUN (Flyball, 9LD, EV 95.0 MPH), Distance : 336 ft
|
|
Batting: RHB Mike Manchester
|
0-0: Foul Ball, location: 2F 0-1: Ball 1-1: Ball 2-1: SOLO HOME RUN (Flyball, 89XD, EV 113.8 MPH), Distance : 418 ft
|
|
Pinch Hitting: RHB Oscar Fausto
|
0-0: Called Strike 0-1: Foul Ball, location: 2F 0-2: Strikes out swinging, 2-3 out at first.
|
| Bottom of the 7th over - 3 runs, 3 hits, 0 errors, 0 left on base; Gwinnett 3 - El Paso 11 |
| TOP OF THE 8TH |
|
Gwinnett Braves batting - Pitching for El Paso Chihuahuas : RHP Warren Swan
|
|
Now at 1B: Oscar Fausto
|
|
|
Batting: LHB Bobby Upton
|
0-0: Ball 1-0: Called Strike 1-1: Ball 2-1: Ball 3-1: Base on Balls
|
|
Batting: RHB Luis Revilla
|
0-0: Ball 1-0: Ball 2-0: Ball 3-0: Base on Balls Bobby Upton to second
|
|
Pinch Hitting: RHB Jake Lang
|
0-0: Fly out, F8 (Flyball, 8LM, EV 93.1 MPH)
|
|
Batting: RHB T.J. Jordan
|
0-0: Called Strike 0-1: Called Strike 0-2: Ball 1-2: Foul Ball, location: 2F 1-2: Foul Ball, location: 2F 1-2: Ball 2-2: DOUBLE (Line Drive, 7LM, EV 103.8 MPH) Bobby Upton scores Luis Revilla to third
|
|
Pinch Hitting: LHB Jose Chinchilla
|
0-0: Foul Ball, location: 2F 0-1: Swinging Strike 0-2: Foul Ball, location: 2F 0-2: Ball 1-2: Ball 2-2: Strikes out swinging
|
|
Batting: LHB Davey Schonewille
|
0-0: Ball 1-0: Ball 2-0: Ball 3-0: Called Strike 3-1: Base on Balls
|
|
Pinch Hitting: RHB Waki Matsui
|
0-0: Ball 1-0: Called Strike 1-1: Swinging Strike 1-2: Strikes out swinging
|
| Top of the 8th over - 1 run, 1 hit, 0 errors, 3 left on base; Gwinnett 4 - El Paso 11 |
| BOTTOM OF THE 8TH |
|
El Paso Chihuahuas batting - Pitching for Gwinnett Braves : RHP Alan Shanahan
|
|
Now at 3B: Waki Matsui
|
|
|
Now at SS: Jose Chinchilla
|
|
|
Now in RF: Jake Lang
|
|
|
Batting: RHB Rudolf Gommers
|
0-0: Swinging Strike 0-1: Foul Ball, location: 2F 0-2: Ball 1-2: Ball 2-2: Ball 3-2: Fly out, F7 (Flyball, 7D, EV 75.6 MPH)
|
|
Batting: RHB Jose Morrissey
|
0-0: Called Strike 0-1: Ball 1-1: Ball 2-1: Swinging Strike 2-2: Ball 3-2: Base on Balls
|
|
Pitching: LHP Kyle Krull
|
|
|
Batting: SHB Devin Hottenstein
|
0-0: Called Strike 0-1: Foul Ball, location: 2F 0-2: Ball 1-2: Ball 2-2: Foul Ball, location: 2F 2-2: Foul Ball, location: 2F 2-2: Strikes out looking
|
|
Batting: SHB Steve Killion
|
0-0: Ball 1-0: Ball 2-0: Called Strike 2-1: Ball 3-1: Called Strike 3-2: Fly out, F4 (Line Drive, 4, EV 64.4 MPH)
|
| Bottom of the 8th over - 0 runs, 0 hits, 0 errors, 1 left on base; Gwinnett 4 - El Paso 11 |
| TOP OF THE 9TH |
|
Gwinnett Braves batting - Pitching for El Paso Chihuahuas : RHP Warren Swan
|
|
Batting: RHB Bill Turnbull
|
0-0: Ball 1-0: Swinging Strike 1-1: Foul Ball, location: 2F 1-2: Ball 2-2: Ball 3-2: Base on Balls
|
|
Pitching: RHP Parker French
|
|
|
Pinch Hitting: RHB Bobby Lavole
|
0-0: Ball 1-0: Grounds into double play, 6-4-3 (Groundball, 56, EV 92.5 MPH)
|
|
Batting: LHB Bobby Upton
|
0-0: Called Strike 0-1: DOUBLE (Line Drive, 89D, EV 111.9 MPH)
|
|
Batting: RHB Luis Revilla
|
0-0: Swinging Strike 0-1: Ball 1-1: Swinging Strike 1-2: Ball 2-2: Foul Ball, location: 2F 2-2: Ground out 4-3 (Groundball, 4, EV 88.1 MPH)
|
| Top of the 9th over - 0 runs, 1 hit, 0 errors, 1 left on base; Gwinnett 4 - El Paso 11 |
|